 Dungeon Crawl Stone Soup version 0.19-a0-1886-gd64a0f0 (webtiles) character file.

52 JeffiDaFish the Vexing (level 3, 0/25 HPs)
             Began as a Vampire Enchanter on Oct 17, 2016.
             Succumbed to an adder's poison
             ... on level 2 of the Dungeon.
             The game lasted 00:05:31 (1712 turns).

JeffiDaFish the Vexing (Vampire Enchanter)          Turns: 1712, Time: 00:05:32

Health: 0/25       AC:  3    Str:  6 (8)  XL:     3   Next: 60%
Magic:  2/6        EV: 16    Int: 15 (17) God:
Gold:   92         SH:  0    Dex: 13 (14) Spells: 2 memorised, 3 levels left

rFire  . . .     SeeInvis +     a - +1 dagger
rCold  . . .     Gourm    .     b - +1 robe
rNeg   + . .     Faith    .     (no shield)
rPois  .         Spirit   .     (no helmet)
rElec  .         Dismiss  .     (no cloak)
rCorr  .         Reflect  .     (no gloves)
MR     .....     Harm     .     (no boots)
Stlth  +++.......               (no amulet)
                                (no ring)
                                e - +3 ring of evasion

@: lethally poisoned (0 -> -7)
A: fangs 3, see invisible, unbreathing
a: Bat Form


You were on level 2 of the Dungeon.
You were not thirsty.

You visited 1 branch of the dungeon, and saw 2 of its levels.

You collected 92 gold pieces.

Inventory:

Hand Weapons
 a - a +1 dagger (weapon)
Armour
 b - a +1 robe (worn)
Jewellery
 e - a +3 ring of evasion (left hand)
Scrolls
 g - a scroll of identify
Potions
 d - 13 potions of blood
 f - a potion of flight
Books
 c - a book of Maledictions

   Spells                             Type                      Level
   a - Corona                         Hexes                        1
   b - Ensorcelled Hibernation        Hexes/Ice                    2
   c - Confuse                        Hexes                        3
   d - Tukima's Dance                 Hexes                        3
   e - Dazzling Spray                 Conjuration/Hexes            3


   Skills:
 * Level 0.5 Fighting
 + Level 1.4 Short Blades
 + Level 2.4 Dodging
 + Level 5.2 Stealth
 + Level 2.1 Spellcasting
 + Level 5.5 Hexes
 + Level 0.0 Ice Magic


You had 3 spell levels left.
You knew the following spells:

 Your Spells              Type           Power        Failure   Level  Hunger
a - Corona                Hex            ###....      1%          1    #......
b - Ensorcelled Hibernat  Hex/Ice        #.....       12%         2    ###....


Dungeon Overview and Level Annotations

Branches:
Dungeon (2/15)

Altars:
Cheibriados


Innate Abilities, Weirdness & Mutations

You have razor-sharp teeth.
You have supernaturally acute eyesight. (SInv)
You can survive without breathing.


Message History

The adder is severely wounded.
You feel sick. The adder bites you.
* * * LOW HITPOINT WARNING * * *
You hit the adder.
You kill the adder!
You feel your intelligence returning.
* * * LOW HITPOINT WARNING * * *
You feel sick.
Yummy - fresh blood!
* * * LOW HITPOINT WARNING * * *
You feel sick.
* * * LOW HITPOINT WARNING * * *
You feel sick.
* * * LOW HITPOINT WARNING * * *
You feel sick.
* * * LOW HITPOINT WARNING * * *
You feel sick.
* * * LOW HITPOINT WARNING * * *
You feel sick.
You die...

.# #รท####### .#
#.# .# #.# .#
#.######## .#
#.........
#.######## # #.#
#.###
#.###########......
#..........@..#
#.############# #.#
..# ####


There were no monsters in sight!

Vanquished Creatures
  2 adders (D:2)
  2 dart slugs
  A leopard gecko (D:1)
  A ball python (D:1)
  5 bats
  2 giant cockroaches (D:1)
  A goblin (D:1)
  5 hobgoblins
  2 frilled lizards
  6 kobolds
  2 rats
29 creatures vanquished.

Vanquished Creatures (others)
  7 toadstools (D:1)
7 creatures vanquished.

Grand Total: 36 creatures vanquished

Notes
Turn   | Place    | Note
-------+----------+-------------------------------------------
     0 | D:1      | JeffiDaFish the Vampire Enchanter began the quest for the Orb.
     0 | D:1      | Reached XP level 1. HP: 13/13 MP: 3/3
   469 | D:1      | Reached skill level 5 in Hexes
   476 | D:1      | Reached XP level 2. HP: 13/19 MP: 5/5
   483 | D:1      | Learned a level 2 spell: Ensorcelled Hibernation
   782 | D:1      | Found a snail-covered altar of Cheibriados.
  1135 | D:2      | Reached XP level 3. HP: 13/25 MP: 6/6
  1223 | D:2      | Reached skill level 5 in Stealth
  1709 | D:2      | HP: 1/25 [poisoned by an adder]
  1712 | D:2      | Succumbed to an adder's poison

Vault maps used:
D:1:      nagdon_arrival_double_spiral, st_stairs_10, cheibriados_altar_1
D:2:      amethyst_killhole

Skill      XL: |  1  2  3 |
---------------+----------+-----
Hexes          | 5 |  5.5
Stealth        | 5 |  5.2
Fighting       | |  0.5
Short Blades   | |  1.4
Dodging        | |  2.4
Spellcasting   | |  2.1

Action                   || total
-------------------------++-------
Melee: Dagger            ||   112
       Bite              ||     8
 Cast: Ensorcelled Hiber ||     8
  Use: Potion            ||     9
       Scroll            ||     3
 Stab: Sleeping          ||    10
Armor: Robe              ||    19
Dodge: Dodged            ||    92
